Map: 潛水艇 - 天梯版

Players

MysteryMan (Rilakkuma) - Winner!

  • Race: Zerg Zerg
  • Spawn Location: 11:00

lemon

  • Race: Zerg Zerg
  • Spawn Location: 5:00

Event: DreamHack SC2 Masters 2020 Winter

VOD

Have the link to the VOD?

Description

Time

  • Played on: Oct. 13, 2020, 8:04 a.m.
  • Length: 8:05

All games in this series

Show
View Real Time Build Order
Export as new Build Order

MysteryMan Zerg - Winner!

Build Orders: Pool First 

Get SALT Encoding   

  12  0:00  Drone  
  13  0:12  Overlord  
  13  0:16  Drone  
  14  0:30  Drone x2  
  14  0:34  Drone  
  17  0:44  Spawning Pool  
  17  0:47  Drone  
  17  1:08  Hatchery  
  17  1:11  Drone  
  17  1:14  Drone  
  17  1:18  Drone, Extractor  
  18  1:30  Queen  
  18  1:32  Zergling x2  
  22  1:40  Zergling x2  
  22  1:46  Spine Crawler  
  21  1:50  Zergling x2  
  22  2:01  Overlord  
  21  2:15  Zergling x2  
  22  2:36  Hatchery  
  21  2:40  Drone  
  22  2:45  Drone  
  22  2:47  Drone  
  22  2:50  Drone  
  25  2:54  Drone  
  26  2:59  Drone  
  27  3:07  Queen  
  29  3:13  Overlord  
  29  3:18  Drone  
  30  3:34  Drone x2  
  30  3:41  Drone  
  33  3:51  Hatchery  
  32  3:59  Queen  
  34  4:07  Drone x4  
  38  4:11  Metabolic Boost  
  38  4:13  Overlord  
  38  4:18  Drone  
  38  4:21  Overlord  
  38  4:23  Zergling x4  
  41  4:27  Zergling x2  
  41  4:28  Zergling x2  
  43  4:33  Zergling x4  
  43  4:38  Zergling x6  
  48  4:46  Zergling x6  
  51  4:58  Zergling x10  
  56  5:01  Queen  
  56  5:05  Zergling x2  
  58  5:09  Overlord  
  58  5:10  Zergling x2  
  58  5:11  Zergling x4  
  61  5:16  Zergling x4  
  63  5:29  Zergling x2  
  63  5:30  Zergling x6  
  63  5:34  Zergling x4  
  63  5:35  Zergling x4  
  71  5:42  Zergling x2  
  64  5:54  Zergling x6  
  62  6:02  Zergling x12  
  64  6:09  Drone  
  59  6:11  Drone  
  59  6:13  Roach Warren  
  59  6:15  Zergling x12  
  60  6:22  Zergling x2  
  60  6:23  Zergling x2  
  61  6:26  Zergling x4  
  62  6:34  Extractor  
  62  6:36  Zergling x6  
  62  6:37  Zergling x4  
  64  6:56  Roach x4  
  71  7:06  Roach  
  73  7:13  Overlord  
  73  7:14  Roach  
  73  7:15  Overlord  
  73  7:18  Evolution Chamber  
  73  7:20  Roach x2  
  73  7:21  Roach  
  74  7:23  Overlord  
  74  7:27  Overlord  
  72  7:31  Roach  
  72  7:32  Roach x2  
  77  7:37  Roach x2  
  77  7:45  Roach  
  77  7:46  Roach  
Show
View Real Time Build Order
Export as new Build Order

lemon Zerg 

Build Orders: Pool First 

Get SALT Encoding   

  12  0:17  Spawning Pool  
  11  0:21  Drone  
  11  0:25  Drone  
  13  0:30  Drone  
  14  0:40  Overlord  
  14  1:04  Zergling x4  
  14  1:05  Zergling x2  
  17  1:13  Hatchery  
  17  1:17  Zergling x2  
  17  1:26  Zergling x2  
  18  1:34  Queen  
  18  1:37  Zergling x2  
  21  1:47  Overlord  
  21  2:01  Drone  
  22  2:09  Queen  
  22  2:26  Drone x3  
  22  2:27  Queen  
  25  2:39  Drone  
  25  2:40  Drone  
  27  2:45  Queen  
  29  2:54  Drone x4  
  32  3:02  Drone  
  33  3:09  Overlord  
  33  3:11  Drone x2  
  35  3:17  Drone  
  36  3:25  Extractor  
  36  3:26  Drone  
  36  3:27  Drone x5, Extractor  
  40  3:36  Drone x2  
  40  3:39  Evolution Chamber  
  41  3:47  Drone x3  
  44  3:52  Overlord  
  44  3:56  Extractor  
  44  3:58  Drone  
  44  4:00  Roach Warren  
  43  4:07  Drone  
  43  4:09  Lair  
  43  4:12  Drone  
  43  4:13  Drone x3  
  47  4:17  Drone  
  47  4:19  Drone  
  47  4:20  Drone x2  
  51  4:28  Zerg Missile Weapons Level 1  
  51  4:33  Drone  
  51  4:34  Overlord x2  
  51  4:36  Overlord  
  52  4:49  Hatchery  
  51  4:54  Roach x3  
  51  4:58  Roach  
  59  5:05  Roach x3  
  65  5:08  Roach x2  
  65  5:12  Overlord  
  69  5:14  Overlord  
  69  5:18  Glial Reconstitution  
  69  5:23  Overlord  
  69  5:33  Roach x4  
  75  5:43  Roach x5  
  75  5:48  Roach  
  62  5:58  Roach  
  62  5:59  Roach x2  
  62  6:03  Roach  
  55  6:10  Roach  
  51  6:12  Roach  
  51  6:16  Ravager  
  48  6:19  Roach  
  48  6:23  Roach  
  52  6:29  Roach  
  52  6:30  Drone  
  53  6:36  Roach  
  53  6:38  Drone  
  56  6:50  Roach x2  
  56  6:52  Roach  
  62  7:08  Roach x2  
  57  7:46  Evolution Chamber, Roach  
  57  7:49  Evolution Chamber  
Tags
 
Add a new tag
Caveats
  • Supply blocks, unpowered buildings, or Contaminate may cause inaccurate times.
  • Supply counts are checked every 10 seconds.